 Dungeon Crawl Stone Soup version 0.26-a0-852-g6321bf7485 (webtiles) character file.

Game seed: 7455160662893472666

5313 marklar909 the Slinger (level 10, 0/71 HPs)
             Began as a Halfling Hunter on Nov 22, 2020.
             Was a High Priest of Okawaru.
             Succumbed to a green ugly thing's poison
             ... on level 9 of the Dungeon.
             The game lasted 00:16:00 (12145 turns).

marklar909 the Slinger (Halfling Hunter)           Turns: 12145, Time: 00:16:00

Health: 0/71       AC: 11    Str: 16    XL:     10   Next: 95%
Magic:  13/13      EV: 13    Int:  9    God:    Okawaru [*****.]
Gold:   523        SH:  8    Dex: 16    Spells: 9/9 levels left

rFire    . . .     SeeInvis .   a - +1 hunting sling
rCold    . . .     Faith    +   r - +0 kite shield (curse)
rNeg     . . .     Spirit   .   k - +0 ring mail
rPois    .         Reflect  .   l - +1 helmet
rElec    .         Harm     .   (no cloak)
rCorr    .         Rampage  .   (no gloves)
MR       +....                  m - +2 pair of boots
Stlth    +++.......             e - amulet of faith
HPRegen  0.21/turn              o - ring of protection from magic
MPRegen  0.13/turn              p - ring of stealth

@: lethally poisoned (0 -> -8)
A: small, mutation resistance 1
a: Heroism, Finesse, Renounce Religion


You were on level 9 of the Dungeon.
You worshipped Okawaru.
Okawaru was extremely pleased with you.
You visited 2 branches of the dungeon, and saw 10 of its levels.

You collected 573 gold pieces.
You spent 50 gold pieces at shops.

Inventory:

Hand Weapons
 a - a +1 hunting sling (weapon)
 b - a +0 short sword
Missiles
 d - 141 sling bullets
 f - 100 stones (quivered)
Armour
 k - a +0 ring mail (worn)
 l - a +1 helmet (worn)
 m - a +2 pair of boots (worn)
 r - a cursed +0 kite shield (worn)
Jewellery
 e - an amulet of faith (around neck)
 o - a ring of protection from magic (left hand)
 p - a ring of stealth (right hand)
Wands
 q - a wand of flame (57)
 y - a wand of iceblast (5)
Scrolls
 g - 2 scrolls of magic mapping
 i - a scroll of amnesia
 n - 2 scrolls of identify
 t - 3 scrolls of teleportation
 w - 5 scrolls of remove curse
Potions
 c - 2 potions of brilliance
 h - 4 potions of mutation
 j - a potion of might
 s - 2 potions of flight
 u - a potion of berserk rage
 x - a potion of haste
 A - 2 potions of resistance


   Skills:
 + Level 7.5 Fighting
 + Level 14.5 Slings
 + Level 5.5 Armour
 + Level 4.8 Dodging
 + Level 2.7 Stealth
 + Level 0.1 Shields
 * Level 5.2 Invocations
 + Level 1.5 Evocations


You had 9 spell levels left.
You didn't know any spells.
Your spell library contained the following spells:

 Spells                   Type           Power        Failure   Level
 Corona                   Hex            #......      99%         1
 Slow                     Hex            #.......     100%        2
 Inner Flame              Hex/Fire       #.......     100%        3
 Portal Projectile        Hex/Tloc       #.....       100%        3
 Cause Fear               Hex            #.........   100%        4
 Leda's Liquefaction      Hex/Erth       #.........   100%        4


Dungeon Overview and Level Annotations

Branches:
Dungeon (9/15)             Temple (1/1) D:5
   Lair: D:8-11         Orc: D:9-12

Altars:
Ashenzari
Cheibriados
Dithmenos
Elyvilon
Fedhas
Gozag
Hepliaklqana
Kikubaaqudgha
Makhleb
Nemelex Xobeh
Okawaru
Ru
Sif Muna
Trog
Uskayaw
Vehumet
Wu Jian
Xom
Yredelemnul
Zin
The Shining One
Jiyva

Shops:
D:5 ?


Innate Abilities, Weirdness & Mutations

You are small and have problems with some larger weapons.
You are somewhat resistant to further mutation.


Message History

You feel magically purged.
You feel less wooden.
Your +1 helmet unmelds from your body.
Your +2 pair of boots unmelds from your body.
Your +0 ring mail unmelds from your body.
* * * LOW HITPOINT WARNING * * *
You feel sick.
Okay, then.
There is a lethal amount of poison in your body!
Unknown command.
* * * LOW HITPOINT WARNING * * *
You feel sick.
There are no items here.
There are no items here.
There are no items here.
There are no items here.
There are no items here.
* * * LOW HITPOINT WARNING * * *
You feel sick.
You die...

#..# .. #. .(..#..# #.
.. ..(.#..# ## #. ..
#.(##..# ..# #.
.##(.##..##...# #.
..(..#.......# #.
.(..+..# #####. #..
#(.##..##+###..##.
#...##@###..##..#....#.
+...............'...##.
#...............#...##.
#...........##).##..##.
#...........##..##..##.
#...............#......
#...............#...†..
#...............+...<..
#######################


There were no monsters in sight!

Vanquished Creatures
  A two-headed ogre (D:8)
  A wizard (D:7)
  An orc sorcerer (D:7)
  An ugly thing (D:9)
  Menkaure (D:5)
  Edmund (D:4)
  2 phantoms
  2 orc warriors (D:6)
  3 ice beasts
  A black bear (D:9)
  3 ogres
  A centaur (D:8)
  A bullfrog (D:9)
  6 killer bees
  10 wights
  4 howler monkeys
  A quasit (D:8)
  5 hounds
  5 jellies
  4 orc wizards
  2 centaur skeletons
  4 orc priests
  2 bullfrog skeletons
  Jessica (D:3)
  3 iguanas
  5 worker ants
  2 hound zombies (D:5)
  A hound skeleton (D:7)
  A howler monkey skeleton (D:6)
  A worker ant zombie (D:5)
  7 adders
  3 shadow imps
  A white imp (D:8)
  2 ufetubi
  4 oozes
  An adder zombie (D:8)
  2 adder skeletons
  6 worms
  A dart slug (D:2)
  2 leopard geckos
  35 orcs
  9 giant cockroaches
  6 goblins
  5 hobgoblins
  16 jackals
  5 quokkas
  3 ball pythons
  9 bats
  7 frilled lizards
  A jackal zombie (D:8)
  5 kobolds
  A quokka skeleton (D:6)
  6 rats
213 creatures vanquished.

Vanquished Creatures (others)
  An orc wizard (D:9)
  An orc (D:9)
2 creatures vanquished.

Grand Total: 215 creatures vanquished

Notes
Turn   | Place    | Note
-------+----------+-------------------------------------------
     0 | D:1      | marklar909 the Halfling Hunter began the quest for the Orb.
     0 | D:1      | Reached XP level 1. HP: 14/14 MP: 1/1
   138 | D:1      | Reached skill level 6 in Slings
   142 | D:1      | Reached XP level 2. HP: 19/19 MP: 2/2
   874 | D:2      | Reached XP level 3. HP: 24/24 MP: 3/3
   903 | D:2      | Found an opulent altar of Gozag.
   950 | D:2      | Reached skill level 7 in Slings
   953 | D:2      | Found a radiant altar of Vehumet.
  1341 | D:2      | Reached XP level 4. HP: 30/30 MP: 4/4
  1432 | D:2      | Found a blossoming altar of Fedhas.
  1987 | D:3      | Found a broken altar of Ashenzari.
  2277 | D:3      | Reached XP level 5. HP: 35/35 MP: 5/5
  2361 | D:3      | Reached skill level 8 in Slings
  2622 | D:3      | Reached skill level 1 in Armour
  2774 | D:3      | Noticed Jessica
  2776 | D:3      | Killed Jessica
  3150 | D:4      | Noticed Edmund
  3170 | D:4      | Killed Edmund
  3171 | D:4      | Reached skill level 9 in Slings
  3171 | D:4      | Reached XP level 6. HP: 20/42 MP: 6/6
  3197 | D:3      | HP: 2/42 [poisoned by Edmund]
  3204 | D:3      | HP: 1/42 [poisoned by Edmund]
  3676 | D:4      | Noticed an ogre
  3703 | D:4      | Killed an ogre
  3704 | D:4      | Reached XP level 7. HP: 36/46 MP: 7/7
  3977 | D:4      | Found a basalt altar of Yredelemnul.
  4104 | D:4      | Found a bloodstained altar of Trog.
  4106 | D:4      | Found a shimmering blue altar of Sif Muna.
  4148 | D:4      | Reached skill level 10 in Slings
  4175 | D:4      | Found a sacrificial altar of Ru.
  4421 | D:5      | Entered Level 5 of the Dungeon
  4560 | D:5      | Found a glowing golden altar of the Shining One.
  4572 | D:5      | Found a staircase to the Ecumenical Temple.
  4603 | Temple   | Entered the Ecumenical Temple
  4733 | Temple   | Became a worshipper of Warmaster Okawaru
  5133 | D:5      | Found Tolut's Magic Scroll Boutique.
  5147 | D:5      | Bought a scroll of teleportation for 30 gold pieces
  5147 | D:5      | Bought a scroll of identify for 20 gold pieces
  5169 | D:5      | Found the +6 shillelagh "Devastator" {shatter}
  5239 | D:5      | Reached XP level 8. HP: 54/54 MP: 8/8
  5484 | D:5      | Noticed Menkaure
  6159 | D:5      | Killed Menkaure
  6160 | D:5      | Reached skill level 11 in Slings
  6224 | D:6      | Reached * piety under Okawaru
  6433 | D:6      | Found a sparkling altar of Nemelex Xobeh.
  6477 | D:6      | Found a shadowy altar of Dithmenos.
  6482 | D:6      | Found an ancient bone altar of Kikubaaqudgha.
  6687 | D:6      | Reached skill level 12 in Slings
  6750 | D:6      | Reached skill level 5 in Fighting
  6933 | D:6      | Reached ** piety under Okawaru
  6991 | D:6      | Reached XP level 9. HP: 60/61 MP: 9/9
  8273 | D:7      | Reached skill level 13 in Slings
  8927 | D:7      | Noticed an orc sorcerer
  8930 | D:7      | Noticed a wizard
  8935 | D:7      | Noticed an orange demon
  8935 | D:7      | Noticed a rust devil
  8935 | D:7      | HP: 3/62 [orc sorcerer/bolt of negative energy (24)]
  9129 | D:7      | Killed a wizard
  9129 | D:7      | Reached *** piety under Okawaru
  9129 | D:7      | Reached **** piety under Okawaru
  9432 | D:7      | Killed an orc sorcerer
  9432 | D:7      | Received a gift from Okawaru
  9433 | D:7      | Reached skill level 1 in Evocations
  9433 | D:7      | Reached XP level 10. HP: 22/69 MP: 12/12
 11159 | D:8      | Reached skill level 5 in Armour
 11348 | D:8      | Received a gift from Okawaru
 11359 | D:8      | Reached skill level 14 in Slings
 11364 | D:8      | Noticed a two-headed ogre
 11433 | D:8      | Killed a two-headed ogre
 11433 | D:8      | Reached ***** piety under Okawaru
 11433 | D:8      | Received a gift from Okawaru
 12070 | D:9      | Reached skill level 5 in Invocations
 12100 | D:9      | Noticed a green ugly thing
 12130 | D:9      | Killed a green ugly thing
 12140 | D:9      | HP: 5/106 [poisoned by a green ugly thing]
 12142 | D:9      | HP: 2/71 [poisoned by a green ugly thing]
 12145 | D:9      | Succumbed to a green ugly thing's poison

Illustrated notes

Levels and vault maps discovered:
D:1:      zelgadis_glass_arrival_large, layout_loops_ring, minmay_misc_feat_room
D:2:      layout_basic, vehumet_crystals, overflow_temple_1_default,
          lemuel_doored_altar, minmay_unequal
D:3:      layout_loops_cross, ashenzari_altar_1, serial_rivers,
          chequers_serial_rivers_room_b, chequers_serial_rivers_micro_a,
          chequers_serial_rivers_micro_b, chequers_serial_rivers_small_3,
          chequers_serial_rivers_micro_e, wad_orctagon, uniq_jessica
D:4:      minmay_chambers_of_fours, layout_loops_ring,
          grunt_temple_overflow_open, kennysheep_mini_moat, enter_ossuary_5,
          uniq_edmund
D:5:      layout_cave_pods, nicolae_overflow_crystal_walls,
          minmay_temple_entry_glass, serial_shops, shop, serial_rivers,
          chequers_serial_rivers_small_3, chequers_serial_rivers_micro_a,
          chequers_serial_rivers_micro_d, chequers_serial_rivers_small_b,
          chequers_serial_rivers_micro_a, chequers_serial_rivers_small_b,
          uniq_menkaure
D:6:      layout_loops_corners, minitemple, marbit_many_paths,
          grunt_ministairs_8
D:7:      cheibrodos_wizards_tower, layout_loops_cross, grunt_ministairs_8
D:8:      layout_cave_pods
D:9:      lemuel_slime, layout_gridville, nicolae_qazlal_general_emergency,
          lemuel_flame_loot_1
Temple:   pf_slime_end_temple

Skill      XL: |  1  2  3  4  5  6  7  8  9 10 |
---------------+-------------------------------+-----
Slings         | 6 7 9 10 12 13 14 | 14.5
Fighting       | 2 3 4 5 6 7 |  7.5
Armour         | 1 2 3 4 5 |  5.5
Stealth        | 2 |  2.7
Invocations    | 3 5 |  5.2
Dodging        | 3 4 |  4.8
Evocations     | 1 |  1.5
Shields        | |  0.1

Action                   |  1- 3 |  4- 6 |  7- 9 | 10-12 || total
-------------------------+-------+-------+-------+-------++-------
 Fire: Hunting sling     |   100 |   203 |   622 |   284 ||  1209
Invok: Heroism           |       |       |     1 |     3 ||     4
Evoke: Wand              |       |       |    10 |     4 ||    14
  Use: Scroll            |       |    10 |    10 |    10 ||    30
       Potion            |       |       |     4 |     3 ||     7
Armor: Leather armour    |     9 |    13 |       |       ||    22
       Ring mail         |       |     8 |    70 |    66 ||   144
       Skin              |       |       |       |     3 ||     3
Dodge: Dodged            |    12 |    36 |   179 |   167 ||   394
Block: Kite shield       |       |       |       |    11 ||    11

Table legend: (Time is in decaauts)
 A = Elapsed time spent in this place.
 B = Non-inter-level travel time spent in this place.
 C = Inter-level travel time spent in this place.
 D = Time resting spent in this place.
 E = Time spent auto-exploring this place.
 F = Levels seen in this place.
 G = Mean time per level.
                   A        B        C        D        E       F      G
               +--------+--------+--------+--------+--------+-----+--------+
         Total |  11775 |  11300 |    475 |    887 |   8807 |  10 | 1177.5 |
       Dungeon |  11628 |  11179 |    449 |    887 |   8687 |   9 | 1292.0 |
        Temple |    147 |    121 |     26 |      0 |    120 |   1 |  147.0 |
               +--------+--------+--------+--------+--------+-----+--------+

Top non-repeatable levels by time:
     D:6: 1911 daAuts
     D:7: 1838 daAuts
     D:8: 1751 daAuts
     D:5: 1602 daAuts
     D:3: 1599 daAuts
     D:2: 1007 daAuts
     D:4: 935 daAuts
     D:1: 818 daAuts
     D:9: 163 daAuts
  Temple: 147 daAuts
